 Dungeon Crawl Stone Soup version 0.24.0-37-gcf1ca852f1 (webtiles) character file.

Game seed: 10650957714925804031, levelgen mode: deterministic

108 lepoulpe303 the Firebug (level 4, 0/24 HPs)
             Began as a Deep Elf Fire Elementalist on Nov 26, 2019.
             Killed from afar by an orc wizard (10 damage)
             ... with a puff of frost
             ... on level 3 of the Dungeon.
             The game lasted 00:04:34 (2270 turns).

lepoulpe303 the Firebug (DEFE)                      Turns: 2270, Time: 00:04:34

Health: 0/24       AC:  2    Str:  5    XL:     4   Next: 58%
Magic:  10/12      EV: 13    Int: 21    God:
Gold:   84         SH:  0    Dex: 15    Spells: 2/11 levels left

rFire    . . .     SeeInvis .   b - +0 dagger (flame)
rCold    . . .     Gourm    .   (no shield)
rNeg     . . .     Faith    .   a - +0 robe
rPois    .         Spirit   .   (no helmet)
rElec    .         Reflect  .   (no cloak)
rCorr    .         Harm     .   (no gloves)
MR       .....                  (no boots)
Stlth    ++........             (no amulet)
HPRegen  0.08/turn              (no ring)
MPRegen  0.13/turn              (no ring)

@: slowed, very slow
A: no striking features
a: no special abilities


You were on level 3 of the Dungeon.
You were not hungry.

You visited 1 branch of the dungeon, and saw 3 of its levels.

You collected 84 gold pieces.

Inventory:

Hand Weapons
 b - a +0 dagger of flaming (weapon)
 t - a +0 short sword
Missiles
 f - 17 poisoned darts (quivered)
Armour
 a - a +0 robe (worn)
 s - a +0 buckler
Scrolls
 d - a scroll of random uselessness {unknown}
 g - 2 scrolls of magic mapping {unknown}
 h - a scroll of amnesia {unknown}
 i - 3 scrolls of identify
 n - a scroll of remove curse {unknown}
 o - 3 scrolls of teleportation {unknown}
 p - a scroll of enchant armour {unknown}
 r - a scroll of fog {unknown}
Potions
 j - a potion of magic {unknown}
 k - a potion of agility {unknown}
 l - a potion of might {unknown}
 m - a potion of degeneration {unknown}
 q - 3 potions of lignification {!q}
 u - a potion of curing {unknown}
Comestibles
 c - a chunk of flesh
 e - 6 rations


   Skills:
 + Level 3.1 Dodging
 + Level 3.1 Stealth
 * Level 4.1 Spellcasting
 + Level 2.4 Conjurations
 * Level 0.2 Hexes
 * Level 4.1 Fire Magic


You had 2 spell levels left.
You knew the following spells:

 Your Spells              Type           Power        Failure   Level  Hunger
a - Flame Tongue          Conj/Fire      ###..        3%          1    None
b - Inner Flame           Hex/Fire       ##......     14%         3    ###....
c - Conjure Flame         Conj/Fire      ###.....     9%          3    ###....
x - Throw Flame           Conj/Fire      ###...       4%          2    #......

Your spell library contained the following spells:

 Spells                   Type           Power        Failure   Level  Hunger
 Sticky Flame             Conj/Fire      ###.....     30%         4    ####...
 Fireball                 Conj/Fire      ###.......   63%         5    ######.


Dungeon Overview and Level Annotations

Branches:
Dungeon (3/15)

Altars:
Xom


Message History

The orc shouts!
Aim: an orc wizard, wielding a +0 dagger and wearing a +0 robe The puff of flame misses the orc wizard.
A quokka comes into view.
The orc wizard points at you and mumbles some strange words.
The magic dart hits you!
The quokka moves out of view.
You take 8 damage, and have 16/24 hp.
MASSIVE DAMAGE!!
You now have 10/12 mp.
An orc wizard comes into view. It is wielding a +0 dagger. x2
The orc wizard points at you and mumbles some strange words.
The magic dart hits you.
* * * LOW HITPOINT WARNING * * *
You take 6 damage, and have 10/24 hp.
MASSIVE DAMAGE!!
The orc wizard gestures wildly while chanting.
The orc wizard seems to speed up.
The orc wizard gestures at you while chanting.
The puff of frost hits you!
You die...

#........... +..........#.#
. #.............. .
#............#. .
#............#.###.
#####............#....#
####.....................#
#........................#
#........@................
#..........##.............
#......o...##.............
#..........##.รท...........
#.....o....##.............
#.....o.o..###............
#........... #............
#...........##............
#............


You could see 3 orc wizards and an orc.

Levels and vault maps discovered:
D:1:      nzn_arrival_depleted_hourglass, layout_basic, xom_teletrap_fun
D:2:      layout_basic, grunt_decor_fettered
D:3:      layout_basic, serial_glass, glass_columns_a, glass_columns_b

Notes
Turn   | Place    | Note
-------+----------+-------------------------------------------
     0 | D:1      | lepoulpe303 the Deep Elf Fire Elementalist began the quest
                  | for the Orb.
     0 | D:1      | Reached XP level 1. HP: 10/10 MP: 6/6
   345 | D:1      | Reached XP level 2. HP: 15/15 MP: 5/8
   607 | D:1      | Learned a level 2 spell: Throw Flame
   653 | D:1      | Found a shimmering altar of Xom.
   781 | D:1      | Identified a +0 club
  1201 | D:2      | Identified a +0 club
  1207 | D:2      | Reached XP level 3. HP: 19/19 MP: 6/10
  1212 | D:2      | Learned a level 3 spell: Conjure Flame
  1295 | D:2      | Identified a +0 club
  1308 | D:2      | Reached skill level 2 in Conjurations
  1609 | D:2      | Reached skill level 3 in Dodging
  1812 | D:2      | Reached skill level 4 in Fire Magic
  1812 | D:2      | Reached XP level 4. HP: 24/24 MP: 4/11
  1867 | D:2      | Identified 4 scrolls of identify
  1867 | D:2      | Identified a +0 dagger of flaming (You found it on level 1
                  | of the Dungeon)
  1869 | D:2      | Identified 3 potions of lignification
  1885 | D:2      | Reached skill level 3 in Stealth
  1885 | D:2      | Reached skill level 4 in Spellcasting
  2170 | D:3      | Learned a level 3 spell: Inner Flame
  2173 | D:3      | Identified a +0 short sword
  2188 | D:3      | Identified a +0 flail
  2266 | D:3      | Identified a +0 dagger
  2266 | D:3      | Identified a +0 robe
  2266 | D:3      | Identified a cursed +0 falchion
  2266 | D:3      | Identified a +0 ring mail
  2268 | D:3      | Identified a +0 dagger
  2268 | D:3      | Identified a +0 robe
  2268 | D:3      | Identified a +0 dagger
  2268 | D:3      | Identified a +0 robe
  2270 | D:3      | Killed from afar by an orc wizard

Table legend:
 A = Turns spent in this place as a percentage of turns spent in the entire game.
 B = Non-inter-level travel turns spent in this place as a percentage of non-inter-level travel turns spent in the entire game.
 C = Inter-level travel turns spent in this place as a percentage of turns spent in this place.
 D = Turns resting spent in this place as a percentage of non-inter-level travel turns spent in this place.
 E = Turns spent auto-exploring this place as a percentage of non-inter-level travel turns spent in this place.
 F = Non-inter-level travel turns spent in this place divided by the number of levels of this place that you've seen.
                   A       B       C       D       E      F
               +-------+-------+-------+-------+-------+----------------------
         Total | 100.0 | 100.0 |   2.0 |  34.4 |  53.3 | 741.3
       Dungeon | 100.0 | 100.0 |   2.0 |  34.4 |  53.3 | 741.3
               +-------+-------+-------+-------+-------+----------------------

Table legend:
 A = Kills in this place as a percentage of kills in entire the game.
 B = Kills by you in this place as a percentage of kills by you in the entire game.
 C = Kills by friends in this place as a percentage of kills by friends in the entire game.
 D = Other kills in this place as a percentage of other kills in the entire game.
 E = Experience gained in this place as a percentage of experience gained in the entire game.
 F = Experience gained in this place divided by the number of levels of this place that you have seen.
                   A       B       C       D       E      F
               +-------+-------+-------+-------+-------+----------------------
         Total | 100.0 | 100.0 |   N/A |   N/A | 100.0 |  51.7
       Dungeon | 100.0 | 100.0 |   N/A |   N/A | 100.0 |  51.7
               +-------+-------+-------+-------+-------+----------------------

Skill      XL: |  1  2  3  4 |
---------------+-------------+-----
Conjurations   | 2 |  2.4
Dodging        | 3 |  3.1
Fire Magic     | 4 |  4.1
Stealth        | 3 |  3.1
Spellcasting   | 4 |  4.1
Hexes          | |  0.2

Action                   |  1- 3 |  4- 6 || total
-------------------------+-------+-------++-------
 Cast: Flame Tongue      |    57 |    12 ||    69
       Throw Flame       |     2 |     6 ||     8
  Use: Scroll            |       |     2 ||     2
  Eat: Chunk             |     2 |     2 ||     4
Armor: Robe              |     9 |     1 ||    10
Dodge: Dodged            |    14 |     2 ||    16

Vanquished Creatures
  A worker ant (D:2)
  5 adders
  2 dart slugs
  A leopard gecko (D:1)
  An orc (D:3)
  3 goblins
  4 hobgoblins
  2 jackals (D:2)
  2 kobolds
  2 ball pythons
  6 bats
  4 frilled lizards (D:1)
  3 rats (D:1)
36 creatures vanquished.
